 Dungeon Crawl Stone Soup version 0.29-a0-297-g7659ce593d (webtiles) character file.

Game seed: 7231893930324521842

15 Leszczynek the Chopper (level 2, 2/22 HPs)
             Began as a Human Gladiator on Mar 21, 2022.
             Quit the game on level 2 of the Dungeon.
             The game lasted 00:02:08 (324 turns).

Leszczynek the Chopper (Human Gladiator)             Turns: 324, Time: 00:02:08

Health: 2/22       AC:  4    Str: 14    XL:     2   Next: 65%
Magic:  2/2        EV: 12    Int:  8    God:
Gold:   33         SH:  0    Dex: 14    Spells: 1/1 levels left

rFire   . . .      SeeInvis .   a - +0 war axe
rCold   . . .      Faith    .   (no shield)
rNeg    . . .      Spirit   .   b - +0 leather armour
rPois   .          Reflect  .   c - +0 helmet
rElec   .          Harm     .   (no cloak)
rCorr   .          Rampage  .   (no gloves)
Will    .....                   (no boots)
Stlth   +.........              (no amulet)
HPRegen 0.07/turn               (no ring)
MPRegen 0.08/turn               (no ring)

@: mighty, lethally poisoned (2 -> -7)
A: no striking features
a: no special abilities


You were on level 2 of the Dungeon.
You visited 1 branch of the dungeon, and saw 2 of its levels.

You collected 33 gold pieces.

Inventory:

Hand Weapons
 a - a +0 war axe (weapon)
Armour
 b - a +0 leather armour (worn)
 c - a +0 helmet (worn)
Scrolls
 f - a scroll of amnesia {unknown}
 h - a scroll of enchant armour {unknown}
 i - 2 scrolls of teleportation {unknown}
 j - a scroll of identify {unknown}


   Skills:
 - Level 2.0 Fighting
 + Level 3.8 Axes
 - Level 2.0 Throwing
 - Level 3.0 Dodging


You had one spell level left.
You didn't know any spells.
Your spell library was empty.

Dungeon Overview and Level Annotations

Branches:
Dungeon (2/15)

Altars:


Message History

The adder barely misses you.
Throw: 3 throwing nets
Press: ? - help, Q - select action Shift-Dir - straight line, f - adder
Aim: an adder (42% to hit)
You throw a throwing net. The throwing net misses the adder.
The adder bites you. The ball python bites you. The ball python misses you.
Throw: 2 throwing nets
Press: ? - help, Q - select action Shift-Dir - straight line, f/p - adder
Aim: an adder (42% to hit)
You throw a throwing net. The throwing net misses the adder.
The adder bites you. The ball python closely misses you.
The ball python grabs you. The ball python constricts you.
Unknown command.
It was a potion of magic.
Magic courses through your body. The adder closely misses you.
The ball python closely misses you. The ball python constricts you.
Throw: throwing net
Press: ? - help, Q - select action Shift-Dir - straight line, f/p - adder
Aim: an adder (42% to hit)
You throw a throwing net. The throwing net misses the adder.
The adder bites you but does no damage.
The ball python bites you but does no damage.
The ball python constricts you. The adder bites you but does no damage.
It was a potion of might.
You feel very mighty all of a sudden.
The ball python bites you but does no damage.
The ball python constricts you. The adder bites you.
* * * LOW HITPOINT WARNING * * *
You are lethally poisoned!
The adder poisons you!
Unknown command.
You closely miss the adder. You hit the ball python.
You kill the ball python!
* * * LOW HITPOINT WARNING * * *
You feel sick. The adder bites you.
* * * LOW HITPOINT WARNING * * *
You are more poisoned.
The adder poisons you! The adder barely misses you.
Unknown command.
Are you sure you want to abandon this character and quit the game? (Confirm with "yes".)

########### #...#
..........# #...#
#.........# #...#
.......<..# #...#
..........# #...#
......)...#.##...#
..........#.##...#######
.########.#.##..@.$.....
.########.#.###'#S......
.#........#.# #w#.......
##.########.###.#.......
............#...#...(...
##............####+#####
.....###...w.....#
.....# #.#<......#.
.....###.............


You could see a worm and an adder.

Vanquished Creatures
  An orc (D:2)
  A ball python (D:2)
  2 endoplasms (D:1)
  2 jackals (D:1)
  2 quokkas
  A bat (D:2)
  A frilled lizard (D:1)
  2 kobolds
12 creatures vanquished.

Notes
Turn   | Place    | Note
-------+----------+-------------------------------------------
     0 | D:1      | Leszczynek the Human Gladiator began the quest for the Orb.
     0 | D:1      | Reached XP level 1. HP: 16/16 MP: 1/1
    53 | D:1      | Reached XP level 2. HP: 6/22 MP: 2/2
   323 | D:2      | HP: 3/22 [poisoned by an adder]
   324 | D:2      | Quit the game

Illustrated notes

Levels and vault maps discovered:
D:1:      psy_arrival_fountain, layout_basic
D:2:      layout_basic, hellmonk_ecumenical_altar_watching_god, serial_shops,
          nicolae_diamond_shop, uniq_crazy_yiuf_cottage

Action                   || total
-------------------------++-------
Melee: War axe           ||    50
Throw: Javelin           ||     1
       Throwing net      ||     3
  Use: Potion            ||     2
Armor: Leather armour    ||    27
Dodge: Dodged            ||    66

Table legend: (Time is in decaauts)
 A = Elapsed time spent in this place.
 B = Non-inter-level travel time spent in this place.
 C = Inter-level travel time spent in this place.
 D = Time resting spent in this place.
 E = Time spent auto-exploring this place.
 F = Levels seen in this place.
 G = Mean time per level.
                   A        B        C        D        E       F      G
               +--------+--------+--------+--------+--------+-----+--------+
         Total |    355 |    355 |      0 |      0 |      0 |   2 |  177.5 |
       Dungeon |    355 |    355 |      0 |      0 |      0 |   2 |  177.5 |
               +--------+--------+--------+--------+--------+-----+--------+

Top non-repeatable levels by time:
     D:1: 195 daAuts
     D:2: 160 daAuts
